 Dungeon Sprint DCSS version 0.27-a0-1189-gb8eb6cee8e (webtiles) character file.

Game seed: 2232032598367007272

7955 mhtbhm the Eclecticist (level 11, -11/71 HPs)
             Began as a Djinni Fire Elementalist on May 22, 2021.
             Was an Initiate of Gozag.
             Killed from afar by a deep elf zephyrmancer (21 damage)
             ... with a bolt of lightning
             ... in the Dungeon (Sprint V: "Ziggurat Sprint").
             The game lasted 00:07:16 (1526 turns).

mhtbhm the Eclecticist (Djinni Fire Elementalist)   Turns: 1526, Time: 00:07:16

Health: -11/71     AC:  7    Str:  7    XL:     11   Next: 46%
Gold:   3006       EV: 16    Int: 31    God:    Gozag SH:  0 Dex: 15

rFire    + + +     SeeInvis .   p - +8 lance "Wyrmbane" {slay drac, rPois rF+ rC+ AC+3}
rCold    . . .     Faith    .   (no shield)
rNeg     . . .     Spirit   .   a - +2 robe {Will+}
rPois    ∞         Reflect  .   (no helmet)
rElec    .         Harm     .   (no cloak)
rCorr    .         Rampage  .   (no gloves)
Will     ++...     NoTele   +   (boots unavailable)
Stlth    ++++......             (no amulet)
HPRegen  0.21/turn              r - +6 ring of intelligence
MPRegen  0.00/turn              s - +6 ring of intelligence

@: gold aura, flying
A: sickness immunity, fire resistance 2, cold vulnerability 1, float, innate
caster, hp casting, extra vitality 1
a: Renounce Religion, Potion Petition, Call Merchant, Bribe Branch


You were in the Dungeon.
You worshipped Gozag.
Gozag was most pleased with you.
You visited 1 branch You collected 3006 gold pieces.

Inventory:

Hand Weapons
 p - the +8 lance "Wyrmbane" (weapon) {slay drac, rPois rF+ rC+ AC+3}
   (You found it in the Dungeon)

   It affects your AC (+3).
   It protects you from fire.
   It protects you from cold.
   It protects you from poison.
Missiles
 u - a throwing net
Armour
 a - a +2 robe of willpower (worn)
Jewellery
 h - a ring of willpower
 k - a ring of willpower
 q - an amulet of the acrobat
 r - a +6 ring of intelligence (left hand)
 s - a +6 ring of intelligence (right hand)
 x - the ring of Jekazyss {rC+ Str+6 Int+9 Slay+3}
   (You found it in the Dungeon)

   [ring of strength]

   It affects your strength (+6).
   It affects your intelligence (+9).
   It affects your accuracy and damage with ranged weapons and melee attacks
   (+3).
   It protects you from cold.
Wands
 m - a wand of mindburst (5)
 n - a wand of iceblast (6)
 o - a wand of acid (6)
Scrolls
 w - a scroll of brand weapon
Potions
 b - 2 potions of brilliance
 c - 10 potions of curing
 d - 10 potions of heal wounds
 e - 6 potions of haste
 f - 2 potions of berserk rage
 i - 4 potions of resistance
 j - a potion of experience
 l - 5 potions of might
Miscellaneous
 t - a phantom mirror
 v - a lightning rod (4/4)
 y - a phantom mirror


   Skills:
 + Level 3.1 Fighting
 + Level 6.7 Polearms
 + Level 9.1 Dodging
 + Level 7.7 Stealth
 + Level 16.2 Spellcasting
 + Level 6.6 Evocations


You had 12 spell levels left.
You knew the following spells:

 Your Spells              Type           Power      Damage    Failure   Level
a - Foxfire               Conj/Fire      100%       2x1d9     0%          1
b - Conjure Flame         Conj/Fire      90%        6-21      0%          3
c - Inner Flame           Hex/Fire       90%        N/A       0%          3
d - Sticky Flame          Conj/Fire      90%        2d10      1%          4
e - Fireball              Conj/Fire      45%        3d18      1%          5
f - Freeze                Ice            100%       1d11      0%          1
g - Corpse Rot            Necr/Air       N/A        N/A       0%          2
h - Gell's Gravitas       Tloc           45%        N/A       0%          3
i - Passage of Golubria   Tloc           N/A        N/A       1%          4
j - Hailstorm             Conj/Ice       90%        3d18      1%          4
Your spell library was empty.

Dungeon Overview and Level Annotations

Branches:
Dungeon (1/1)

Altars:
Ashenzari
Cheibriados
Dithmenos
Elyvilon
Fedhas
Gozag
Hepliaklqana
Kikubaaqudgha
Makhleb
Nemelex Xobeh
Okawaru
Qazlal
Ru
Sif Muna
Trog
Uskayaw
Vehumet
Wu Jian
Xom
Yredelemnul
Zin
The Shining One
Beogh
Jiyva
Lugonu


Innate Abilities, Weirdness & Mutations

You are immune to sickness and miasma.
You are immune to poison.
Your flesh is very heat resistant. (rF++)
You are vulnerable to cold. (rC-)
You float through the air rather than walking.
You learn spells naturally, not from books.
Your magical power is your life essence.
You have superior vitality. (+4 HP)


Message History

The air elemental is engulfed in blazing flames.
The +1 vorpal scimitar is engulfed in blazing flames.
The air elemental hits you!
Unknown command.
Unknown command.
Unknown command.
Aiming: Corrosive Bolt
Press: ? - help, Shift-Dir - straight line, f - air elemental, p - +1 vorpal scimitar
Aim: an air elemental (raging winds, severely damaged, 48% to hit)
The bolt of acid misses the air elemental.
The bolt of acid hits the +1 vorpal scimitar.
The +1 vorpal scimitar is splashed with acid.
The acid corrodes the +1 vorpal scimitar!
The +1 vorpal scimitar is almost destroyed.
The bolt of acid hits the deep elf archer!
The deep elf archer is splashed with acid.
The acid corrodes the deep elf archer!
The deep elf archer is heavily wounded.
The air elemental hits you. The air elemental barely misses you.
The orc sorcerer points at you and mumbles some strange words.
The bolt of negative energy hits you!
You feel drained.
The deep elf zephyrmancer gestures at you while chanting.
The bolt of lightning hits you!
* * * LOW HITPOINT WARNING * * *
The bolt of lightning misses the air elemental.
The deep elf archer unwields a +3 vampiric battleaxe.
The deep elf archer wields a +0 shortbow.
The deep elf archer shoots an arrow.
The arrow barely misses you.
Your life force feels restored.
Unknown command.
Blink to where?
Press: ? - help, Dir - move target, p - air elemental
As you read the scroll of blinking, it crumbles to dust.
The winds around the air elemental start to calm down.
The orc sorcerer gestures wildly while chanting.
The deep elf zephyrmancer is engulfed in blazing flames.
The deep elf zephyrmancer casts a spell at you.
The bolt of lightning hits you!!
You die...
Your body crumbles into a pile of gold.

▓...).....▓.......▓
▓...).....▓.......▓
▓.........▓.......▓
▓.........▓.......▓
▓.▓.....▓.▓.▓...▓.▓
▓....©....▓...©...▓
▓▓▓▓▓▓▓▓▓▓▓▓▓▓▓▓▓▓▓
..8©8...▓..8©8..▓
▓..|))[).@▓..}))..▓
▓...§))...▓..)()..▓
▓§§3oe$...▓....)..▓
▓.§§§§§§§.▓.......▓
▓.§§§§Ee§$▓.......▓
▓.§§§§§§§.▓.......▓
▓.▓§(§§§▓.▓.▓...▓.▓
▓.§§§§§§§.▓...©...▓
▓▓▓▓▓▓▓▓▓▓▓▓▓▓▓▓▓▓▓


You could see a deep elf archer (repels missiles, corroded), a deep elf
zephyrmancer, a smoke demon (summoned), an air elemental, an orc sorcerer and a
+5 glaive.

Vanquished Creatures
  A starcursed mass (D)
  A yellow draconian (D)
  An orc high priest (D)
  A deep elf archer (D)
  A cyclops (D)
  3 draconians (D)
  2 black mambas (D)
  An eye of devastation (D)
  5 merfolk (D)
  A large abomination (D)
  2 nagas (D)
  A water moccasin (D)
  A floating eye (D)
  4 centaurs (D)
  3 scorpions (D)
  2 crimson imps (D)
  An iron imp (D)
  2 jellies (D)
  An adder (D)
  2 white imps (D)
  A ball python (D)
  2 endoplasms (D)
39 creatures vanquished.

Vanquished Creatures (others)
  A dancing weapon (D)
  2 foxfires (D)
3 creatures vanquished.

Grand Total: 42 creatures vanquished

Notes
Turn   | Place    | Note
-------+----------+-------------------------------------------
     0 | D        | mhtbhm the Djinni Fire Elementalist began the quest for the
                  | Orb.
     0 | D        | Reached XP level 1. HP: 15/15 MP: 0/0
     0 | D        | Found a bloodstained altar of Trog.
     0 | D        | Found a sacrificial altar of Ru.
     0 | D        | Found a stormy altar of Qazlal.
     0 | D        | Found an iron altar of Okawaru.
     1 | D        | Found a sparkling altar of Nemelex Xobeh.
     1 | D        | Found a blossoming altar of Fedhas.
     2 | D        | Found the +6 Majin-Bo {vamp, MP+6 Int+6}
     2 | D        | Found the +9 heavy crossbow "Sniper" {vorpal, Acc+∞ SInv}
     2 | D        | Found the +10 dark maul {vorpal}
     2 | D        | Found the +15 Maxwell's patent armour {-Cast -Tele rElec
                  | Will+ rCorr}
     2 | D        | Found the +18 shield of the Gong {rElec rN+ Will+ EV-5}
     2 | D        | Found the +14 obsidian axe {vorpal, Drain Fly SInv}
     2 | D        | Found the +7 great mace "Firestarter" {inner flame, rF++}
     2 | D        | Found the +6 shillelagh "Devastator" {shatter}
     2 | D        | Found the +11 plutonium sword {Contam Stlth-}
     2 | D        | Found the +8 lance "Wyrmbane" {slay drac, rPois rF+ rC+
                  | AC+3}
     2 | D        | Found the +9 sword of Zonguldrok {reap}
     2 | D        | Found the +13 scythe of Curses {drain, Drain}
     2 | D        | Found the +5 sword of Power {vorpal}
     2 | D        | Found the +7 mace of Variability {chain chaos}
     2 | D        | Found the +7 Singing Sword {vorpal, sonic wave}
     2 | D        | Found the +8 storm bow {elec, penet}
     7 | D        | Found a corrupted altar of Lugonu.
     7 | D        | Found a burning altar of Makhleb.
     7 | D        | Found a transporter.
     7 | D        | Found a viscous altar of Jiyva.
     7 | D        | Found a hazy altar of Hepliaklqana.
    13 | D        | Banished a spatial maelstrom
    46 | D        | Found an opulent altar of Gozag.
   158 | D        | Became a worshipper of Gozag Ym Sagoz the Greedy
   167 | D        | Entered arena 2.
   167 | D        | Noticed a crimson imp
   167 | D        | Noticed a starcursed mass
   167 | D        | Found a transporter.
   168 | D        | Killed a crimson imp
   169 | D        | Reached skill level 4 in Spellcasting
   169 | D        | Reached XP level 2. HP: 21/21 MP: 0/0
   169 | D        | Reached XP level 3. HP: 25/25 MP: 0/0
   169 | D        | Learned a level 1 spell: Freeze
   180 | D        | Killed a starcursed mass
   181 | D        | Reached skill level 1 in Fighting
   181 | D        | Reached skill level 11 in Spellcasting
   181 | D        | Reached XP level 4. HP: 11/32 MP: 0/0
   181 | D        | Reached XP level 5. HP: 12/37 MP: 0/0
   181 | D        | Learned a level 2 spell: Corpse Rot
   181 | D        | Reached XP level 6. HP: 14/42 MP: 0/0
   181 | D        | Reached XP level 7. HP: 16/47 MP: 0/0
   181 | D        | Learned a level 3 spell: Gell's Gravitas
   181 | D        | Reached XP level 8. HP: 18/52 MP: 0/0
   415 | D        | Entered arena 3.
   415 | D        | Found a transporter.
   477 | D        | Entered arena 4.
   477 | D        | Noticed a yellow draconian
   477 | D        | Noticed a draconian
   477 | D        | Noticed a draconian
   477 | D        | Noticed a draconian
   477 | D        | Found a transporter.
   480 | D        | Killed a draconian
   480 | D        | Killed a draconian
   481 | D        | Reached skill level 5 in Stealth
   481 | D        | Reached skill level 12 in Spellcasting
   481 | D        | Reached XP level 9. HP: 42/58 MP: 0/0
   481 | D        | Learned a level 4 spell: Passage of Golubria
   482 | D        | Killed a draconian
   482 | D        | Killed a yellow draconian
   483 | D        | Reached skill level 5 in Polearms
   483 | D        | Reached skill level 13 in Spellcasting
   483 | D        | Reached XP level 10. HP: 14/64 MP: 0/0
   755 | D        | Entered arena 5.
   755 | D        | Found a transporter.
   758 | D        | Reached skill level 14 in Spellcasting
  1072 | D        | Entered arena 6.
  1072 | D        | Found a transporter.
  1077 | D        | Reached skill level 5 in Evocations
  1114 | D        | Entered arena 7.
  1114 | D        | Noticed an eye of devastation
  1117 | D        | Found a transporter.
  1120 | D        | Killed an eye of devastation
  1332 | D        | Entered arena 8.
  1332 | D        | Noticed a cyclops
  1334 | D        | Found a transporter.
  1336 | D        | Reached skill level 15 in Spellcasting
  1337 | D        | Killed a cyclops
  1338 | D        | Reached XP level 11. HP: 54/70 MP: 0/0
  1338 | D        | Learned a level 4 spell: Hailstorm
  1415 | D        | Entered arena 9.
  1440 | D        | Found a transporter.
  1461 | D        | Got the ring of Jekazyss {rC+ Str+6 Int+9 Slay+3}
  1521 | D        | Entered arena 10.
  1521 | D        | Noticed a +5 glaive
  1521 | D        | Noticed a deep elf archer
  1521 | D        | Noticed an orc sorcerer
  1521 | D        | Noticed a deep elf zephyrmancer
  1521 | D        | Noticed a deep elf archer
  1521 | D        | Noticed an orc high priest
  1521 | D        | Noticed a +1 vorpal scimitar
  1522 | D        | Identified the +7 spear of Waogo {drain, rC+ Will+ SInv}
  1523 | D        | Killed a deep elf archer
  1523 | D        | Killed an orc high priest
  1524 | D        | Reached skill level 16 in Spellcasting
  1525 | D        | Killed a +1 vorpal scimitar
  1526 | D        | Found a transporter.
  1526 | D        | Killed from afar by a deep elf zephyrmancer

Illustrated notes

Levels and vault maps discovered:
D:        sprint_v [room_start, room_1, room_2, room_3, room_4, room_5, room_6,
          room_7, room_8, room_9, room_10, room_11, room_12, room_13, room_14,
          room_15, room_16, room_17, room_18, room_19, room_20, room_21,
          room_22, room_23, room_24, room_25, room_26, room_27]

Skill      XL: |  1  2  3  4  5  6  7  8  9 10 11 |
---------------+----------------------------------+-----
Dodging        | 3 6 7 8 9 |  9.1
Stealth        | 2 4 5 6 7 |  7.7
Spellcasting   | 4 11 12 13 15 16 | 16.2
Fighting       | 1 2 3 |  3.1
Polearms       | 3 4 5 6 |  6.7
Evocations     | 3 4 5 6 |  6.6

Action                   |  1- 3 |  4- 6 |  7- 9 | 10-12 || total
-------------------------+-------+-------+-------+-------++-------
Melee: Lance             |     6 |       |       |       ||     6
 Cast: Fireball          |       |       |     7 |    25 ||    32
       Foxfire           |       |       |     1 |       ||     1
       Inner Flame       |       |       |       |     1 ||     1
Evoke: Wand              |     1 |       |       |     3 ||     4
       Lightning rod     |     4 |       |       |     4 ||     8
  Use: Potion            |     1 |       |       |     2 ||     3
       Scroll            |       |       |       |     1 ||     1
Armor: Robe              |     1 |       |       |       ||     1
Dodge: Dodged            |       |       |       |     4 ||     4

Table legend: (Time is in decaauts)
 A = Elapsed time spent in this place.
 B = Non-inter-level travel time spent in this place.
 C = Inter-level travel time spent in this place.
 D = Time resting spent in this place.
 E = Time spent auto-exploring this place.
 F = Levels seen in this place.
 G = Mean time per level.
                   A        B        C        D        E       F      G
               +--------+--------+--------+--------+--------+-----+--------+
         Total |   1535 |   1535 |      0 |   1088 |      0 |   1 | 1535.0 |
       Dungeon |   1535 |   1535 |      0 |   1088 |      0 |   1 | 1535.0 |
               +--------+--------+--------+--------+--------+-----+--------+

Top non-repeatable levels by time:
       D: 1535 daAuts
